 Dungeon Crawl Stone Soup version 0.23.2-1-ga50397a6bc (webtiles) character file.

Game seed: 8104939698572224777

5367 Revguard the Cleaver (level 10, 0/77 HPs)
             Began as a Demonspawn Gladiator on Apr 17, 2019.
             Was a Priest of Okawaru.
             Slain by an orc warlord
             ... wielding a +2 battleaxe of flaming
              (27 damage)
             ... in a bailey.
             The game lasted 00:26:44 (7323 turns).

Revguard the Cleaver (Demonspawn Gladiator)         Turns: 7323, Time: 00:26:44

Health: 0/77       AC: 24    Str: 22    XL:     10   Next: 39%
Magic:  0/14       EV: 19    Int: 11    God:    Okawaru [***...]
Gold:   357        SH:  0    Dex: 25    Spells: 9/9 levels left

rFire    . . .     SeeInvis .   x - +0 battleaxe
rCold    . . .     Gourm    .   (shield currently unavailable)
rNeg     . . .     Faith    +   u - +1 plate armour
rPois    .         Spirit   +   c - +0 helmet
rElec    .         Reflect  .   B - +0 cloak
rCorr    .         Harm     .   (no gloves)
MR       +....                  (no boots)
Stlth    ..........             w - amulet of faith
HPRegen  0.22/turn              i - ring of protection from magic
MPRegen  0.28/turn              j - +6 ring of dexterity

@: mighty, agile, heroism, sanguine armour
A: claws 1, spiny 1, magic shield, magic regeneration, sanguine armour 1
a: Heroism, Renounce Religion


You were in a bailey.
You worshipped Okawaru.
Okawaru was most pleased with you.
You were not hungry.

You visited 2 branches of the dungeon, and saw 9 of its levels.
You also visited: Sewer and Bailey.

You collected 357 gold pieces.

Inventory:

Hand Weapons
 a - a +1 war axe
 x - a +0 battleaxe (weapon)
Missiles
 d - 3 throwing nets (quivered)
Armour
 c - a +0 helmet (worn)
 u - a +1 plate armour (worn)
 B - a +0 cloak (worn)
Jewellery
 i - a ring of protection from magic (left claw)
 j - a +6 ring of dexterity (right claw)
 w - an amulet of faith (around neck)
Wands
 o - a wand of enslavement (3)
 v - a wand of clouds (2)
Scrolls
 b - 2 scrolls of fear
 e - a scroll of enchant armour
 h - 4 scrolls of enchant weapon
 k - 12 scrolls of teleportation
 p - 5 scrolls of identify
 r - a scroll of blinking
 s - a scroll of holy word
 t - a scroll of immolation
Potions
 g - 3 potions of might
 l - 3 potions of agility
 m - 2 potions of heal wounds
 n - 11 potions of curing
 q - 2 potions of brilliance
 z - a potion of flight
 A - 2 potions of haste
Comestibles
 f - 15 rations
 C - 5 chunks of flesh


   Skills:
 + Level 6.3(11.3) Fighting
 + Level 10.4(15.4) Axes
 - Level 1.7(6.7) Throwing
 + Level 5.6(10.6) Armour
 + Level 4.1(9.1) Dodging
 + Level 1.1 Invocations
 * Level 5.3 Evocations


You had 9 spell levels left.
You didn't know any spells.
Your spell library contained the following spells:

 Spells                   Type           Power        Failure   Level  Hunger
 Animate Skeleton         Necr           N/A          99%         1    ##.....
 Corona                   Hex            #......      99%         1    ##.....
 Pain                     Necr           #...         99%         1    ##.....
 Shock                    Conj/Air       #...         99%         1    ##.....
 Ensorcelled Hibernation  Hex/Ice        #.....       100%        2    ###....
 Swiftness                Chrm/Air       #.......     100%        2    ###....
 Confuse                  Hex            #.......     100%        3    ####...
 Dazzling Spray           Conj/Hex       #.....       100%        3    ####...
 Regeneration             Chrm/Necr      #.........   100%        3    ####...
 Static Discharge         Conj/Air       #.......     100%        3    ####...
 Tukima's Dance           Hex            #.......     100%        3    ####...
 Vampiric Draining        Necr           #.........   100%        3    ####...
 Airstrike                Air            #.........   100%        4    #####..
 Animate Dead             Necr           N/A          100%        4    #####..
 Lightning Bolt           Conj/Air       #.........   100%        5    ######.


Dungeon Overview and Level Annotations

Branches:
Dungeon (8/15)             Temple (1/1) D:7
   Lair: D:8-11

Altars:
Ashenzari
Cheibriados
Dithmenos
Elyvilon
Fedhas
Gozag
Hepliaklqana
Kikubaaqudgha
Makhleb
Nemelex Xobeh
Okawaru
Qazlal
Ru
Sif Muna
Trog
Uskayaw
Vehumet
Wu Jian
Xom
Yredelemnul
Zin
The Shining One

Shops:
D:7 (


Innate Abilities, Weirdness & Mutations

You have sharp fingernails.
You are partially covered in sharp spines.
When hurt, damage is shared between your health and your magic reserves.
You regenerate magic rapidly.
When seriously injured, your bleeding wounds create armour. (AC +6)


Message History

You slash the orc warlord!
The orc warlord is moderately wounded.
The orc warlord is engulfed in freezing vapours.
The orc warlord hits you with a +2 battleaxe of flaming!!
Your blood congeals into armour.
The orc warlord burns you!
The orc knight is engulfed in freezing vapours.
You feel agile all of a sudden.
The orc warlord is engulfed in freezing vapours.
The orc warlord closely misses you.
The orc knight is engulfed in freezing vapours.
You gain the combat prowess of a mighty hero.
The orc warlord is engulfed in freezing vapours.
The orc warlord hits you with a +2 battleaxe of flaming.
The orc warlord burns you.
The orc knight is engulfed in freezing vapours.
You feel very mighty all of a sudden.
The orc knight no longer looks unusually strong.
The orc warlord is engulfed in freezing vapours.
The orc warlord hits you with a +2 battleaxe of flaming!!
You die...

##.......## #.........#
##.........##
#######.....⌠.....#######
##.....##.......))##.....##
#.....))'.......))'.......#
##.....))##.......##)......##
#.........#.......#.........#
##.........##88@88##.........##
#.....⌠.....###o###.....⌠.....#
##.........## ☼o§ ##.........##
#.........# o§)§o #.........#
##.......##.§§§§§o##.......##
#.......#....o....#...))).#
##.....##.........##..)))##
##'####...........####)##
##.....## ##.....##


You could see an orc warlord, an orc knight and 4 orc warriors.

Vanquished Creatures
  Pikel (D:6)
  An orc knight (Bailey)
  Prince Ribbit (D:6)
  Sigmund (D:6)
  Eustachio (D:4)
  Menkaure (D:4)
  Duvessa (D:6)
  8 orc warriors
  A sky beast (D:6)
  2 ice beasts
  2 slaves (D:6)
  A necrophage (D:7)
  2 ogres
  A centaur (D:8)
  A big kobold (Sewer)
  6 bullfrogs
  Dowan (D:6)
  A water moccasin skeleton (D:4)
  4 wights (D:6)
  3 electric eels (D:7)
  5 crimson imps
  2 bullfrog zombies
  A centaur zombie (D:7)
  2 jellies (D:5)
  A quasit (D:8)
  A gnoll shaman (D:6)
  5 orc priests
  Crazy Yiuf (D:6)
  A hound (D:7)
  A bullfrog skeleton (D:7)
  4 orc wizards
  A centaur skeleton (D:5)
  3 iguanas
  Natasha (twice) (D:4)
  2 worker ants
  2 hound skeletons
  A howler monkey zombie (D:8)
  Robin (D:3)
  18 gnolls
  14 river rats
  12 adders
  2 oozes (D:3)
  4 leopard geckos
  26 orcs
  4 bats (D:3)
  9 giant cockroaches
  29 goblins
  27 hobgoblins
  3 jackals (D:2)
  6 quokkas
  10 ball pythons
  6 frilled lizards
  2 jackal skeletons
  25 kobolds
  A quokka zombie (D:6)
  42 rats
316 creatures vanquished.

Vanquished Creatures (others)
  2 slaves (D:6)
2 creatures vanquished.

Grand Total: 318 creatures vanquished

Notes
Turn   | Place    | Note
-------+----------+-------------------------------------------
     0 | D:1      | Revguard the Demonspawn Gladiator began the quest for the
                  | Orb.
     0 | D:1      | Reached XP level 1. HP: 16/16 MP: 1/1
   227 | D:1      | Gained mutation: You are partially covered in sharp spines.
                  | [demonic ancestry]
   227 | D:1      | Reached XP level 2. HP: 22/22 MP: 2/2
   844 | D:2      | Reached skill level 3 in Axes
   844 | D:2      | Gained mutation: You have sharp fingernails. [demonic
                  | ancestry]
   844 | D:2      | Reached XP level 3. HP: 25/27 MP: 3/3
   851 | D:2      | Found a radiant altar of Vehumet.
  1603 | D:3      | Noticed a bullfrog
  1609 | D:3      | Killed a bullfrog
  1609 | D:3      | Reached skill level 1 in Armour
  1609 | D:3      | Reached XP level 4. HP: 31/34 MP: 4/4
  1737 | D:3      | Noticed Robin
  1746 | D:3      | Killed Robin
  1746 | D:3      | Reached skill level 4 in Axes
  1754 | D:3      | Gained mutation: When hurt, damage is shared between your
                  | health and your magic reserves. [demonic ancestry]
  1754 | D:3      | Reached XP level 5. HP: 39/39 MP: 5/5
  1863 | D:3      | Found a basalt altar of Yredelemnul.
  2531 | D:4      | Noticed Menkaure
  2544 | D:4      | Killed Menkaure
  2544 | D:4      | Reached skill level 5 in Axes
  2544 | D:4      | Gained mutation: You regenerate magic rapidly. [demonic
                  | ancestry]
  2544 | D:4      | Reached XP level 6. HP: 3/47 MP: 0/6
  2716 | D:4      | Noticed Natasha
  2723 | D:4      | Killed Natasha
  2931 | D:4      | Found a glowing drain.
  2942 | Sewer    | Entered a sewer
  3120 | Sewer    | Reached XP level 7. HP: 45/52 MP: 7/7
  3252 | Sewer    | Reached skill level 6 in Axes
  3525 | D:4      | Found a stormy altar of Qazlal.
  3580 | D:4      | Noticed Eustachio
  3598 | D:4      | Killed Eustachio
  3825 | D:4      | Found a hazy altar of Hepliaklqana.
  3854 | D:4      | Noticed Natasha
  3860 | D:4      | Killed Natasha
  4081 | D:5      | Entered Level 5 of the Dungeon
  4105 | D:5      | Gained mutation: When seriously injured, your bleeding
                  | wounds create armour. (AC +6) [demonic ancestry]
  4105 | D:5      | Reached XP level 8. HP: 48/60 MP: 6/8
  4265 | D:5      | Found a bloodstained altar of Trog.
  4265 | D:5      | Found a white marble altar of Elyvilon.
  4312 | D:5      | Reached skill level 7 in Axes
  4550 | D:5      | Found a shimmering altar of Xom.
  4815 | D:6      | Noticed Sigmund
  4819 | D:6      | Noticed Pikel
  4823 | D:6      | Killed Sigmund
  4824 | D:6      | Reached skill level 1 in Evocations
  4835 | D:6      | Killed Pikel
  4835 | D:6      | Reached skill level 5 in Fighting
  4835 | D:6      | Reached skill level 8 in Axes
  4835 | D:6      | Reached XP level 9. HP: 64/68 MP: 6/10
  4880 | D:6      | Found a sparkling altar of Nemelex Xobeh.
  4880 | D:6      | Found an ancient bone altar of Kikubaaqudgha.
  4880 | D:6      | Found an opulent altar of Gozag.
  4881 | D:6      | Found an iron altar of Okawaru.
  4883 | D:6      | Noticed Prince Ribbit
  4893 | D:6      | Killed Prince Ribbit
  4904 | D:6      | Became a worshipper of Warmaster Okawaru
  5002 | D:6      | Reached * piety under Okawaru
  5010 | D:6      | Noticed Duvessa
  5012 | D:6      | Noticed Dowan
  5018 | D:6      | Reached skill level 9 in Axes
  5019 | D:6      | Killed Duvessa
  5020 | D:6      | Killed Dowan
  5020 | D:6      | Reached skill level 1 in Invocations
  5151 | D:6      | Found a runed translucent door.
  5152 | D:6      | Noticed Crazy Yiuf
  5158 | D:6      | Killed Crazy Yiuf
  5544 | D:7      | Reached skill level 5 in Armour
  5576 | D:7      | Reached ** piety under Okawaru
  5975 | D:7      | Found a staircase to the Ecumenical Temple.
  5981 | Temple   | Entered the Ecumenical Temple
  6398 | D:7      | Reached XP level 10. HP: 37/76 MP: 8/13
  6407 | D:7      | Found Yxka's Antique Weapon Shoppe.
  6677 | D:8      | Found a flagged portal.
  6686 | Bailey   | Entered a bailey
  6932 | Bailey   | Reached skill level 10 in Axes
  6962 | Bailey   | Reached *** piety under Okawaru
  6962 | Bailey   | Reached skill level 5 in Evocations
  7311 | Bailey   | Noticed an orc knight
  7311 | Bailey   | Noticed an orc warlord
  7312 | Bailey   | Noticed an orc knight
  7318 | Bailey   | Killed an orc knight
  7323 | Bailey   | Slain by an orc warlord

Skill      XL: |  1  2  3  4  5  6  7  8  9 10 |
---------------+-------------------------------+-----
Dodging        | 3 4 |  4.1
Axes           | 3 4 5 6 8 9 10 | 10.4
Armour         | 1 2 3 4 5 |  5.6
Fighting       | 3 4 5 6 |  6.3
Evocations     | 2 4 5 |  5.3
Invocations    | 1 |  1.1
Throwing       | |  1.7

Action                   |  1- 3 |  4- 6 |  7- 9 | 10-12 || total
-------------------------+-------+-------+-------+-------++-------
Melee: War axe           |    70 |   120 |   307 |    61 ||   558
       Battleaxe         |       |       |       |    24 ||    24
       Punch             |       |       |       |     1 ||     1
Invok: Heroism           |       |       |     1 |     3 ||     4
Evoke: Wand              |       |       |     3 |     1 ||     4
  Use: Potion            |     4 |     1 |     4 |     2 ||    11
       Scroll            |     3 |       |    10 |       ||    13
 Stab: Confused          |       |       |     2 |       ||     2
  Eat: Chunk             |     2 |     5 |    10 |     4 ||    21
Armor: Ring mail         |    17 |       |       |       ||    17
       Leather armour    |     1 |       |       |       ||     1
       Chain mail        |    15 |    92 |    49 |       ||   156
       Plate armour      |       |       |   146 |    42 ||   188
Dodge: Dodged            |    41 |    58 |   102 |    43 ||   244
